 Dungeon Crawl Stone Soup version 0.29-a0-1018-g6b6670bd90 (webtiles) character file.

Game seed: 15261335771483331633

16676 Ijustatesigmund the Destroyer (level 12, -1/74 HPs)
             Began as an Octopode Earth Elementalist on Aug 10, 2022.
             Was a Priest of Cheibriados.
             Slain by an orc high priest
             ... wielding a +0 long sword
              (4 damage)
             ... on level 11 of the Dungeon.
             The game lasted 00:47:18 (20525 turns).

Ijustatesigmund the Destroyer (OpEE)               Turns: 20525, Time: 00:47:19

Health: -1/74      AC:  5    Str: 16    XL:     12   Next: 40%
Magic:  13/24      EV: 15    Int: 36    God:    Cheibriados [***...]
Gold:   1023       SH:  8    Dex: 20    Spells: 7/27 levels left

rFire   . . .      SeeInvis .   t - +9 long sword (elec)
rCold   . . .      Faith    .   a - +2 buckler
rNeg    . . .      Spirit   .   (helmet restricted)
rPois   .          Reflect  .   (no amulet)
rElec   .          Harm     .   d - +4 ring of protection
rCorr   .          Rampage  .   w - +6 ring of intelligence
Will    .....                   (no ring)
Stlth   ++++......              (no ring)
HPRegen 0.22/turn               (no ring)
MPRegen 0.19/turn               (no ring)
                                (no ring)
                                (no ring)

@: mighty, very slightly contaminated, very slow
A: almost no armour, amphibious, 8 rings, camouflage 1, gelatinous body 1,
(nimble swimmer 1), tentacles
a: Renounce Religion, Bend Time, Temporal Distortion


You were on level 11 of the Dungeon.
You worshipped Cheibriados.
Cheibriados was most pleased with you.
You visited 2 branches of the dungeon, and saw 13 of its levels.
You also visited: Bailey.

You collected 1023 gold pieces.

Inventory:

Hand Weapons
 g - a +0 rapier
 o - a +3 spear of flaming
 s - the +6 spear "Janid" {holy, *Noise rElec Will+++ rCorr}
   (You found it on level 6 of the Dungeon)

   It has been blessed by the Shining One to cause great damage to the undead
   and demons.
   rElec:     It insulates you from electricity.
   *Noise:    It may make noises in combat.
   rCorr:     It protects you from acid and corrosion.
   Will:      It greatly increases your willpower.
 t - a +9 long sword of electrocution (weapon)
Missiles
 r - 5 curare-tipped darts
 v - 10 throwing nets
Armour
 a - a +2 buckler (worn)
Jewellery
 b - a ring of ice
 d - a +4 ring of protection (left tentacle)
 w - a +6 ring of intelligence (right tentacle)
Wands
 i - a wand of digging (4)
 l - a wand of flame (13)
 m - a wand of charming (2)
Scrolls
 f - a scroll of magic mapping
 h - a scroll of enchant weapon
 j - 6 scrolls of identify
 k - 2 scrolls of amnesia
 q - a scroll of butterflies
Potions
 c - 2 potions of haste
 e - 2 potions of attraction
 n - a potion of magic
 p - a potion of flight
 u - a potion of might


   Skills:
 - Level 3.8 Fighting
 - Level 1.5(2.1) Short Blades
 - Level 2.1(2.4) Long Blades
 - Level 3.1 Polearms
 - Level 3.8 Dodging
 - Level 5.8 Stealth
 - Level 3.8 Shields
 + Level 8.4 Spellcasting
 + Level 8.6 Conjurations
 + Level 8.2 Transmutations
 + Level 8.4 Earth Magic
 + Level 6.3 Invocations
 - Level 3.0 Evocations


You had 7 spell levels left.
You knew the following spells:

 Your Spells              Type           Power      Damage    Failure   Level
a - Sandblast             Erth           100%       2d20      1%          1
b - Stone Arrow           Conj/Erth      100%       3d13      1%          3
c - Passwall              Tmut/Erth      55%        N/A       1%          2
d - Petrify               Tmut/Erth      66%        N/A       1%          4
e - Irradiate             Conj/Tmut      33%        3d22      3%          5
f - Lee's Rapid Deconstr  Erth           33%        3d18*     3%          5

Your spell library contained the following spells:

 Spells                   Type           Power      Damage    Failure   Level
 Foxfire                  Conj/Fire      100%       2x1d9     1%          1
 Conjure Flame            Conj/Fire      46%        6-21      1%          3
 Summon Small Mammal      Summ           60%        N/A       3%          1
 Blade Hands              Tmut           32%        N/A       3%          5
 Flame Wave               Conj/Fire      46%        2d12      6%          4
 Fulminant Prism          Conj/Hex       23%        3d13      6%          4
 Iskenderun's Mystic Bla  Conj/Tloc      46%        2d10      6%          4
 Leda's Liquefaction      Hex/Erth       22%        N/A       6%          4
 Call Canine Familiar     Summ           15%        N/A       11%         3
 Gell's Gravitas          Tloc           15%        N/A       11%         3
 Inner Flame              Hex/Fire       15%        N/A       11%         3
 Lesser Beckoning         Tloc           15%        N/A       11%         3
 Summon Guardian Golem    Hex/Summ       15%        N/A       11%         3
 Teleport Other           Tloc           15%        N/A       11%         3
 Statue Form              Tmut/Erth      44%        N/A       17%         6
 Cause Fear               Hex            7%         N/A       34%         4
 Dragon Form              Tmut           32%        N/A       69%         7
 Dragon's Call            Summ           7%         N/A       100%        9


Dungeon Overview and Level Annotations

Branches:
Dungeon (12/15)            Temple (1/1) D:7            Lair (0/5) D:9
 Bailey (visited)
    Orc: D:9-12

Altars:
Ashenzari
Cheibriados
Dithmenos
Elyvilon
Fedhas
Gozag
Hepliaklqana
Kikubaaqudgha
Makhleb
Nemelex Xobeh
Okawaru
Qazlal
Ru
Sif Muna
Trog
Uskayaw
Vehumet
Wu Jian
Xom
Yredelemnul
Zin
The Shining One

Annotations:
D:10 1 runed translucent door
D:11 1 transporter


Innate Abilities, Weirdness & Mutations

You cannot wear most types of armour.
You are amphibious.
You can wear up to eight rings at the same time.
Your skin changes colour to match your surroundings (Stealth+).
Your rubbery body absorbs attacks. (AC +1, EV +1)
((You are camouflaged when in or above water. (Stealth+)))
You have tentacles for arms and can constrict up to eight enemies at once.


Message History

Aiming: Charm
Press: ? - help, Shift-Dir - straight line, f - orc, p - orc
Aim: an orc, wielding a +0 hand axe and wearing a +0 ring mail (chance to affect: 73%)
The orc is charmed.
The orc priest mumbles some strange prayers to Beogh against you.
Beogh smites you!
* * * LOW HITPOINT WARNING * * *
What are your orders? t - Shout!
Orders for allies: a - Attack new target. p - Attack previous target. r - Retreat! s - Stop attacking. g - Guard the area. f - Follow me.
Anything else - Cancel.
Gang up on whom?
Press: ? - help, Dir - move target, f - orc high priest, p - orc
Aim: an orc high priest, wielding a +0 long sword and wearing a +0 scale mail Attack!
Your orc hits the orc high priest but does no damage.
The orc high priest mumbles some strange prayers to Beogh against you.
Beogh smites you!
* * * LOW HITPOINT WARNING * * *
Okay, then.
Okay, then.
Okay, then.
You swap places.
The orc high priest misses you. x2
You closely miss the orc high priest. Your grab misses the orc high priest.
Your squeeze misses the orc high priest.
The orc high priest hits you with a +0 long sword.
* * * LOW HITPOINT WARNING * * *
Unknown command.
The flow of time bends around you.
Cheibriados rebukes the orc high priest.
The orc high priest seems to slow down.
Cheibriados rebukes your orc.
Your orc seems to slow down.
The ettin closely misses your orc.
The ettin hits your orc with a +0 dire flail!
Your orc dies!
The orc high priest hits you with a +0 long sword.
You die...

#..# #................#
#..# ##.......B..>....#
#..# ##........####### #..#
##.......# #..# ###....##
#..# #....# #..### ##.#.#
.....# ############.#
.....# #.Co@o)Coo##.#
.....#######...#####oo.#.##
...#.......#.ooo#=# ...#..#
..##.####..#.#...o. #.#..#
..##.# #..#.##.8.8. .#..#
..##.# #.©#©#$.._...#.#©.#
..##.# ##.#.##.8.8.##.#.##
.....# #.#o#$......#.#.#
.....# ###...[# ...###


You could see an ettin, an orc high priest (slow, ally target), a cyclops, 2 orc
warriors, 3 orc priests, an orc wizard, 2 orcs and a friendly orc (charmed,
slow).

Vanquished Creatures
  A hydra (D:10)
  5 two-headed ogres
  Urug (D:10)
  Sonja (D:11)
  A manticore (D:11)
  Joseph (D:7)
  An elephant (D:9)
  A cyclops (D:11)
  A gargoyle (D:11)
  Psyche (D:8)
  An unseen horror zombie (D:8)
  An unseen horror (D:11)
  A komodo dragon (D:10)
  A troll (D:11)
  Grinder (D:4)
  A hornet (D:7)
  2 dream sheep (D:10)
  A vampire (D:10)
  A yak (D:9)
  2 wraiths
  Grum (Bailey)
  8 vampire mosquitoes
  A basilisk (D:9)
  A water moccasin (D:5)
  An acid dragon (D:8)
  2 black bears
  3 orc warriors
  2 ice beasts (D:5)
  4 wolves (Bailey)
  An ogre (D:4)
  A hornet zombie (D:8)
  2 phantoms
  6 centaurs
  5 kobold brigands
  A wyvern zombie (D:8)
  2 necrophages
  A bullfrog (D:8)
  8 gnoll sergeants
  A scorpion (D:5)
  16 wights
  20 killer bees
  A howler monkey (D:10)
  3 centaur zombies (D:8)
  4 hounds
  4 jellies
  12 gnoll boudas
  An orc priest (D:10)
  2 iguanas
  4 orc wizards
  3 killer bee zombies (D:8)
  A howler monkey zombie (D:8)
  48 gnolls
  5 adders
  4 shadow imps
  3 ufetubi
  A worm (D:2)
  2 dart slugs
  26 orcs
  6 endoplasms
  2 giant cockroaches (D:3)
  8 hobgoblins
  4 jackals (D:5)
  16 kobolds
  5 quokkas
  6 ball pythons
  2 bats
  2 frilled lizards
  13 goblins
  2 rats
303 creatures vanquished.

Vanquished Creatures (others)
  An orc (D:11)
  10 fungi (D:8)
  4 plants
  2 withered plants (D:8)
17 creatures vanquished.

Grand Total: 320 creatures vanquished

Notes
Turn   | Place    | Note
-------+----------+-------------------------------------------
     0 | D:1      | Ijustatesigmund the Octopode Earth Elementalist began the
                  | quest for the Orb.
     0 | D:1      | Reached XP level 1. HP: 11/11 MP: 3/3
   103 | D:1      | Reached XP level 2. HP: 17/17 MP: 3/5
   563 | D:1      | Found a faded altar of an unknown god.
   820 | D:2      | Reached XP level 3. HP: 21/21 MP: 4/6
   824 | D:2      | Learned a level 3 spell: Stone Arrow
   827 | D:2      | Learned a level 2 spell: Passwall
  1441 | D:2      | Found a stormy altar of Qazlal.
  1490 | D:3      | Reached skill level 1 in Conjurations
  1751 | D:3      | Reached XP level 4. HP: 27/27 MP: 5/8
  2027 | D:3      | Found a glowing golden altar of the Shining One.
  2028 | D:3      | Found an iron altar of Okawaru.
  2695 | D:4      | Noticed an ogre
  2701 | D:4      | Killed an ogre
  2702 | D:4      | Reached XP level 5. HP: 31/31 MP: 2/11
  3201 | D:4      | Noticed Grinder
  3229 | D:4      | Killed Grinder
  3230 | D:4      | Reached XP level 6. HP: 31/36 MP: 1/13
  3982 | D:5      | Entered Level 5 of the Dungeon
  3982 | D:5      | Noticed a water moccasin
  3982 | D:5      | Found a sparkling altar of Nemelex Xobeh.
  3988 | D:5      | Killed a water moccasin
  3989 | D:5      | Reached XP level 7. HP: 42/42 MP: 0/14
  4215 | D:5      | Reached skill level 1 in Fighting
  4215 | D:5      | Reached skill level 1 in Short Blades
  4420 | D:5      | Reached skill level 5 in Spellcasting
  4809 | D:5      | Reached XP level 8. HP: 35/48 MP: 15/15
  5712 | D:5      | Learned a level 4 spell: Petrify
  6036 | D:5      | Reached skill level 5 in Conjurations
  6892 | D:6      | Reached skill level 1 in Evocations
  7238 | D:6      | Reached skill level 5 in Stealth
  7245 | D:6      | Reached XP level 9. HP: 53/54 MP: 2/17
  7351 | D:6      | Identified the +6 spear "Janid" {holy, *Noise rElec Will+++
                  | rCorr}
  8596 | D:7      | Noticed a hornet
  8616 | D:7      | Killed a hornet
  8617 | D:7      | Reached skill level 5 in Earth Magic
  8891 | D:7      | Reached skill level 1 in Polearms
  8971 | D:7      | Found a hide-covered altar of Uskayaw.
  9187 | D:7      | You fall into a shaft and drop 3 floors!
  9187 | D:10     | Entered Level 10 of the Dungeon
  9228 | D:10     | Noticed a two-headed ogre
  9239 | D:10     | Killed a two-headed ogre
  9240 | D:10     | Reached skill level 5 in Transmutations
  9383 | D:10     | Found a flagged portal.
  9408 | Bailey   | Entered a bailey
  9629 | Bailey   | Reached XP level 10. HP: 62/63 MP: 9/19
 10358 | Bailey   | Noticed Grum
 10363 | Bailey   | Killed Grum
 11218 | D:10     | Found a runed translucent door.
 11225 | D:10     | Noticed a fire crab
 11446 | D:10     | Reached skill level 1 in Long Blades
 11612 | D:10     | Found an opulent altar of Gozag.
 11672 | D:9      | Noticed a two-headed ogre
 11679 | D:9      | Killed a two-headed ogre
 11946 | D:8      | Found a stormy altar of Qazlal.
 12030 | D:8      | Noticed Psyche
 12048 | D:8      | Killed Psyche
 12050 | D:8      | HP: 7/141 [poisoned by Psyche]
 12324 | D:7      | Learned a level 5 spell: Irradiate
 12423 | D:7      | Noticed Joseph
 12429 | D:7      | Killed Joseph
 12835 | D:7      | Reached skill level 1 in Shields
 13299 | D:7      | Found a staircase to the Ecumenical Temple.
 13309 | Temple   | Entered the Ecumenical Temple
 13463 | Temple   | Became a worshipper of Cheibriados the Contemplative
 13521 | D:8      | Reached skill level 1 in Invocations
 13521 | D:8      | Reached XP level 11. HP: 68/68 MP: 5/21
 15053 | D:8      | Reached * piety under Cheibriados
 16163 | D:9      | Reached ** piety under Cheibriados
 16349 | D:9      | Found a staircase to the Lair.
 17551 | D:10     | Noticed Urug
 17575 | D:10     | Killed Urug
 17827 | D:10     | Noticed a three-headed hydra
 17834 | D:10     | Killed a three-headed hydra
 18056 | D:11     | Reached *** piety under Cheibriados
 18079 | D:11     | Reached skill level 5 in Invocations
 18128 | D:11     | Learned a level 5 spell: Lee's Rapid Deconstruction
 18196 | D:11     | Noticed a cyclops
 18201 | D:11     | Killed a cyclops
 18268 | D:11     | HP: 3/68 [something (7)]
 18279 | D:11     | HP: 3/68 [something (8)]
 18600 | D:11     | Found a white marble altar of Elyvilon.
 18600 | D:11     | Noticed a manticore
 18605 | D:11     | Killed a manticore
 18692 | D:11     | Reached XP level 12. HP: 71/74 MP: 17/24
 18764 | D:11     | Noticed a two-headed ogre
 18770 | D:11     | Killed a two-headed ogre
 18847 | D:11     | Found a transporter.
 18847 | D:11     | Noticed an orc high priest
 19090 | D:11     | Noticed a two-headed ogre
 19097 | D:11     | Killed a two-headed ogre
 19293 | D:11     | Noticed a two-headed ogre
 19296 | D:11     | Killed a two-headed ogre
 19744 | D:11     | Noticed Sonja
 19750 | D:11     | Killed Sonja
 19920 | D:11     | Found a transporter.
 20013 | D:12     | Noticed a boulder beetle
 20518 | D:11     | Noticed an ettin
 20524 | D:11     | HP: 3/74 [orc high priest/+0 long sword (5)]
 20525 | D:11     | Slain by an orc high priest

Illustrated notes

Levels and vault maps discovered:
D:1:      lightli_molten_gateway, layout_basic,
          ebering_ecumenical_altar_abandoned
D:2:      layout_loops_cross, basic_altar
D:3:      layout_loops_ring, mainiacjoe_overflow_divided_tiny
D:4:      layout_loops_corners, minmay_misc_feat_alley, grunt_ministairs_4,
          uniq_grinder
D:5:      layout_basic, nemelex_xobeh_ov_fountains_minmay,
          minmay_stone_trees_medium
D:6:      layout_basic
D:7:      corexii_shack_village, layout_loops_ring,
          nicolae_uskayaw_murder_on_the_dancefloor,
          minmay_temple_entry_poolview, moated_statue, uniq_joseph
D:8:      layout_gridville, mainiacjoe_overflow_boulevard, serial_undead,
          serial_undead_d, serial_undead_f, serial_undead_f, serial_undead_d,
          serial_undead_a, serial_undead_a, serial_undead_a, uniq_psyche
D:9:      layout_stronghold, david_lair_generic
D:10:     gammafunk_mikee_crab_dinner, layout_rooms,
          mainiacjoe_overflow_surrounded_room, enter_bailey_5, hangedman_ranch,
          uniq_urug, uniq_josephine
D:11:     gammafunk_beogh_shrine, layout_loops_ring, elyvilon_altar_3,
          uniq_sonja
D:12:     evilmike_iron_armoury, layout_cave_pods, orc_0_dummy
Temple:   nicolae_temple_elliptical

Skill      XL: |  1  2  3  4  5  6  7  8  9 10 11 12 |
---------------+-------------------------------------+-----
Conjurations   | 1 3 4 5 6 7 8 |  8.6
Spellcasting   | 3 4 5 6 7 8 |  8.4
Stealth        | 3 5 |  5.8
Fighting       | 1 3 |  3.8
Short Blades   | 1 |  1.5
Transmutations | 2 4 5 6 7 8 |  8.2
Earth Magic    | 4 5 6 7 8 |  8.4
Evocations     | 2 3 |  3.0
Polearms       | 2 3 |  3.1
Dodging        | 3 |  3.8
Long Blades    | 2 |  2.1
Shields        | 2 3 |  3.8
Invocations    | 1 5 6 |  6.3

Action                   |  1- 3 |  4- 6 |  7- 9 | 10-12 || total
-------------------------+-------+-------+-------+-------++-------
Melee: Rapier            |       |    10 |    12 |       ||    22
       Constrict         |       |     3 |    15 |    29 ||    47
       Tentacles         |       |     1 |     8 |    25 ||    34
       Punch             |       |       |     2 |     2 ||     4
       Spear             |       |       |    82 |     6 ||    88
       Long sword        |       |       |       |   153 ||   153
 Cast: Sandblast         |    45 |    39 |     8 |     9 ||   101
       Stone Arrow       |       |    13 |   100 |   166 ||   279
       Petrify           |       |       |     2 |     6 ||     8
       Passwall          |       |       |     1 |     4 ||     5
       Irradiate         |       |       |       |    16 ||    16
Invok: Bend Time         |       |       |       |     1 ||     1
Evoke: Wand              |       |       |    10 |    20 ||    30
  Use: Scroll            |     8 |     4 |     5 |    14 ||    31
       Potion            |       |     2 |     3 |    12 ||    17
 Stab: Sleeping          |       |     2 |     1 |     8 ||    11
       Invisible         |       |       |     2 |       ||     2
       Distracted        |       |       |     1 |       ||     1
       Petrified         |       |       |    17 |     8 ||    25
Armor: Skin              |       |     8 |    31 |    57 ||    96
Dodge: Dodged            |     6 |    24 |   104 |   199 ||   333
Block: Buckler           |       |       |       |    80 ||    80

Table legend: (Time is in decaauts)
 A = Elapsed time spent in this place.
 B = Non-inter-level travel time spent in this place.
 C = Inter-level travel time spent in this place.
 D = Time resting spent in this place.
 E = Time spent auto-exploring this place.
 F = Levels seen in this place.
 G = Mean time per level.
                   A        B        C        D        E       F      G
               +--------+--------+--------+--------+--------+-----+--------+
         Total |  21927 |  21455 |    472 |   7926 |  10959 |  14 | 1566.2 |
       Dungeon |  19993 |  19561 |    432 |   6846 |  10539 |  12 | 1666.1 |
        Temple |    174 |    135 |     39 |      0 |    118 |   1 |  174.0 |
        Bailey |   1759 |   1759 |      0 |   1079 |    302 |   1 | 1759.0 |
               +--------+--------+--------+--------+--------+-----+--------+

Top non-repeatable levels by time:
     D:8: 3053 daAuts
     D:5: 2612 daAuts
    D:11: 2604 daAuts
     D:7: 1879 daAuts
     D:6: 1854 daAuts
  Bailey: 1759 daAuts
     D:9: 1734 daAuts
    D:10: 1588 daAuts
     D:4: 1580 daAuts
     D:3: 1098 daAuts
     D:1: 838 daAuts
     D:2: 677 daAuts
    D:12: 473 daAuts
  Temple: 174 daAuts
